 Dungeon Crawl Stone Soup version 0.29.1-1-gd02db6906a (webtiles) character file.

Game seed: 8283081994009904606

96 xian the Sneak (level 4, -4/34 HPs)
             Began as a Draconian Enchanter on Oct 3, 2022.
             Killed from afar by an orc wizard (7 damage)
             ... with a magic dart
             ... on level 3 of the Dungeon.
             The game lasted 00:06:23 (3139 turns).

xian the Sneak (Draconian Enchanter)                Turns: 3139, Time: 00:06:24

Health: -4/34      AC:  5    Str: 13    XL:     4   Next: 41%
Magic:  6/7        EV: 12    Int: 15    God:
Gold:   176        SH:  0    Dex: 11    Spells: 5/7 levels left

rFire   . . .      SeeInvis .   a - +1 dagger
rCold   . . .      Faith    .   (no shield)
rNeg    . . .      Spirit   .   (body armour unavailable)
rPois   .          Reflect  .   (helmet restricted)
rElec   .          Harm     .   (no cloak)
rCorr   .          Rampage  .   (no gloves)
Will    .....                   (no boots)
Stlth   ++........              (no amulet)
HPRegen 0.11/turn               (no ring)
MPRegen 0.10/turn               (no ring)

@: no status effects
A: AC +5, unfitting armour, cold-blooded
a: no special abilities


You were on level 3 of the Dungeon.
You visited 1 branch of the dungeon, and saw 3 of its levels.

You collected 176 gold pieces.

Inventory:

Hand Weapons
 a - a +1 dagger (weapon)
Missiles
 k - 4 poisoned darts (quivered)
Scrolls
 d - a scroll of fog {unknown}
 e - 2 scrolls of teleportation
 i - a scroll of poison {unknown}
 j - a scroll of brand weapon {unknown}
Potions
 b - 3 potions of invisibility
 c - a potion of degeneration {unknown}
 f - a potion of attraction {unknown}
 g - a potion of magic {unknown}
 h - a potion of flight {unknown}


   Skills:
 + Level 0.3 Fighting
 + Level 1.3 Short Blades
 + Level 2.2 Dodging
 + Level 3.7 Stealth
 + Level 2.3 Spellcasting
 * Level 1.0 Conjurations
 + Level 3.1 Hexes
 + Level 0.3 Ice Magic


You had 5 spell levels left.
You knew the following spells:

 Your Spells              Type           Power      Damage    Failure   Level
a - Ensorcelled Hibernat  Hex/Ice        12%        N/A       16%         2

Your spell library contained the following spells:

 Spells                   Type           Power      Damage    Failure   Level
 Magic Dart               Conj           16%        1d3       14%         1
 Confusing Touch          Hex            11%        N/A       19%         3
 Tukima's Dance           Hex            11%        N/A       19%         3
 Searing Ray              Conj           8%         2d4       22%         2
 Dazzling Flash           Conj/Hex       16%        N/A       26%         3
 Gell's Gravitas          Tloc           1%         N/A       54%         3
 Lesser Beckoning         Tloc           1%         N/A       54%         3
 Teleport Other           Tloc           1%         N/A       54%         3
 Fulminant Prism          Conj/Hex       4%         3d6       65%         4


Dungeon Overview and Level Annotations

Branches:
Dungeon (3/15)

Altars:
Gozag


Innate Abilities, Weirdness & Mutations

Your plain brown scales are hard. (AC +5)
You cannot fit into any form of body armour.
You are cold-blooded and may be slowed by cold attacks.


Message History

You hit something. Something hits you.
You hit something but do no damage.
Your tail-slap misses something.
You hear some strange, mumbled words.
Something tries to affect you, but you resist.
You hit something but do no damage.
Your tail-slap misses something.
Something hits you.
You hit something.
Your tail-slap misses something.
Something hits you but does no damage.
You hit something but do no damage. Something hits you.
You miss something.
Your tail-slap misses something.
Something hits you.
You miss something. You barely miss something.
You hear some strange, mumbled words.
You are confused.
You barely miss something.
You hear some strange, mumbled words.
A magic dart appears from out of thin air!
The magic dart hits you.
* * * LOW HITPOINT WARNING * * *
You completely miss something. Something hits you.
* * * LOW HITPOINT WARNING * * *
Something hits you but does no damage.
You're too confused to move!
Something hits you but does no damage.
You miss something.
Your tail-slap misses something.
You feel less confused. Something hits you.
* * * LOW HITPOINT WARNING * * *
Something hits you.
* * * LOW HITPOINT WARNING * * *
You hear some strange, mumbled words.
Something tries to affect you, but you resist.
Something barely misses you.
You hear some strange, mumbled words.
A puff of flame appears from out of thin air!
The puff of flame hits you.
* * * LOW HITPOINT WARNING * * *
There is an escape hatch in the ceiling here.
A magic dart appears from out of thin air!
The magic dart hits you!
You die...

### ### ######.#####.###
#....#..........
#.##.#.#####.### #.##.#.#.....#
##### #..........#.#
###...################.#.#.#
#.....#...........# #.#.#.### .
#.....#......@....####.#.#.#..
..#.....#....{......#.>.........
...............†................
...........###..................
.........................#......
>#.##...........................
.^ #...........................
. #..........................#
#...........................


There were no monsters in sight!

Vanquished Creatures
  An orc wizard (D:3)
  4 adders
  A dart slug (D:1)
  A worm (D:2)
  3 orcs
  A bat (D:3)
  An endoplasm (D:2)
  3 goblins
  4 kobolds
  2 quokkas
  5 ball pythons
  A frilled lizard (D:2)
  4 rats
31 creatures vanquished.

Notes
Turn   | Place    | Note
-------+----------+-------------------------------------------
     0 | D:1      | xian the Draconian Enchanter began the quest for the Orb.
     0 | D:1      | Reached XP level 1. HP: 14/14 MP: 3/3
    60 | D:1      | Found a faded altar of an unknown god.
    61 | D:1      | Noticed a great orb of eyes
    63 | D:1      | Noticed a floating eye
    63 | D:1      | Noticed an eye of devastation
    63 | D:1      | Noticed a great orb of eyes
   428 | D:1      | Reached XP level 2. HP: 14/20 MP: 5/5
   431 | D:1      | Learned a level 2 spell: Ensorcelled Hibernation
  1158 | D:2      | Reached XP level 3. HP: 22/26 MP: 6/6
  2497 | D:2      | Reached XP level 4. HP: 10/33 MP: 2/7
  2751 | D:3      | Found an opulent altar of Gozag.
  2826 | D:3      | Reached skill level 1 in Conjurations
  3139 | D:3      | Killed from afar by an orc wizard

Illustrated notes

Levels and vault maps discovered:
D:1:      matt_arrival_diagonals, layout_basic,
          hellmonk_ecumenical_altar_watching_god,
          corexii_item_surrounded_by_moat, interstate_on_off
D:2:      layout_basic
D:3:      layout_basic, grunt_gozag_breadcrumbs

Skill      XL: |  1  2  3  4 |
---------------+-------------+-----
Stealth        | 3 |  3.7
Dodging        | 2 |  2.2
Hexes          | 3 |  3.1
Conjurations   | 1 |  1.0
Fighting       | |  0.3
Short Blades   | |  1.3
Spellcasting   | |  2.3
Ice Magic      | |  0.3

Action                   |  1- 3 |  4- 6 || total
-------------------------+-------+-------++-------
Melee: Dagger            |    91 |    28 ||   119
       Tailslap          |     7 |       ||     7
       Punch             |     1 |       ||     1
 Cast: Ensorcelled Hiber |    12 |     7 ||    19
  Use: Scroll            |     1 |       ||     1
       Potion            |     2 |       ||     2
 Stab: Sleeping          |     8 |     3 ||    11
Armor: Skin              |    26 |    15 ||    41
Dodge: Dodged            |    64 |    18 ||    82
